 Dungeon Crawl Stone Soup version 0.31.0-32-g396128a36d (webtiles) character file.

Game seed: 15324115261421998031

89 FallenXxXSky the Covered (level 4, -4/31 (33) HPs)
             Began as a Human Wanderer on Mar 29, 2024.
             Slain by a goblin
             ... wielding a +3 dagger
             ... led by Robin
              (7 damage)
             ... on level 4 of the Dungeon.
             The game lasted 00:04:20 (2989 turns).

FallenXxXSky the Covered (Human Wanderer)           Turns: 2989, Time: 00:04:20

HP:   -4/31 (33)    AC: 10    Str: 16    XL:     4   Next: 55%
MP:   5/5           EV:  7    Int: 11    God:
Gold: 182           SH:  0    Dex: 12    Spells: 4/5 levels left

rFire   . . .        p - +0 morningstar
rCold   . . .        (no shield)
rNeg    . . .        d - +0 chain mail
rPois   .            f - +1 hat
rElec   .            (no cloak)
rCorr   .            (no gloves)
SInv    .            (no boots)
Will    .....        (no amulet) Stlth
                     (no ring)
HPRegen 0.25/turn    (no ring)
MPRegen 0.09/turn

%: no passive effects
@: drained
A: explore regen
a: no special abilities


You were on level 4 of the Dungeon.
You visited 1 branch of the dungeon, and saw 4 of its levels.

You collected 182 gold pieces.

Inventory:

Hand Weapons
 p - a +0 morningstar (weapon)
Armour
 d - a +0 chain mail (worn)
 f - a +1 hat (worn)
Scrolls
 c - 5 scrolls of teleportation
 e - a scroll of noise {unknown}
 i - a scroll of vulnerability {unknown}
 j - a scroll of enchant weapon {unknown}
 l - a scroll of enchant armour
 n - 3 scrolls of fog {unknown}
 o - 2 scrolls of identify {unknown}
Potions
 a - 2 potions of might {unknown}
 g - a potion of degeneration {unknown}
 h - a potion of heal wounds {unknown}
 k - a potion of brilliance {unknown}
 m - a potion of attraction {unknown}


   Skills:
 - Level 2.0 Fighting
 * Level 4.0 Maces & Flails
 - Level 5.0 Armour
 - Level 1.0 Spellcasting
 - Level 1.0 Summonings
 - Level 1.0 Evocations


You had 4 spell levels left.
You knew the following spells:

 Your Spells              Type           Power      Damage    Failure   Level
a - Summon Small Mammal   Summ           8%         N/A       92%         1

Your spell library contained the following spells:

 Spells                   Type           Power      Damage    Failure   Level
 Sandblast                Erth           0%         2d4       98%         1
 Scorch                   Fire           0%         2d5       99%         2
 Call Canine Familiar     Summ           2%         N/A       100%        3
 Passwall                 Erth           0%         N/A       100%        3
 Stone Arrow              Conj/Erth      0%         3d7       100%        3
 Animate Armour           Summ/Erth      2%         N/A       100%        4
 Brom's Barrelling Bould  Conj/Erth      0%         2d3       100%        4
 Flame Wave               Conj/Fire      0%         2d4       100%        4
 Summon Cactus Giant      Summ           1%         N/A       100%        6
 Lehudib's Crystal Spear  Conj/Erth      0%         10d2      100%        8


Dungeon Overview and Level Annotations

Branches:
Dungeon (4/15)
 Temple: D:4-7

Altars:

Annotations:
D:4 Edmund, Ijyb, Robin


Innate Abilities, Weirdness & Mutations

You regain HP and MP as you explore.


Message History

The goblin hits you but does no damage. x2; The goblin barely misses you.
You hit the goblin.
The goblin is severely wounded.
The goblin barely misses you. Robin throws the goblin at you!
The goblin hits you with a +0 club.
The goblin hits you but does no damage. x2
You miss the goblin.
The goblin is severely wounded.
The goblin hits you but does no damage.
You are poisoned.
Robin says, "Feeling lonely?"
Robin roars a battlecry!
The goblins go into a battle-frenzy!
The goblin hits you but does no damage. x2
The goblin hits you with a +0 dagger.
You closely miss the goblin.
The goblin is severely wounded.
You feel very sick.
The goblin hits you with a +2 dagger of venom.
You are lethally poisoned!
The goblin hits you with a +0 club.
The goblin hits you but does no damage. x3
You are more poisoned.
The goblin barely misses you.
The goblin hits you but does no damage. x2
* * * LOW HITPOINT WARNING * * *
You feel extremely sick.
Robin says, "A pitiful Human like you will never find the ORB!"
The goblin attacks as it pursues you! The goblin hits you but does no damage.
The goblin barely misses you.
You feel better. The goblin closely misses you.
The goblin hits you with a +0 club. The goblin hits you but does no damage.
The goblin attacks as it pursues you! The goblin hits you but does no damage.
The goblin barely misses you. The goblin barely misses you.
The goblin attacks as it pursues you! The goblin hits you with a +3 dagger.
* * * LOW HITPOINT WARNING * * *
The goblin attacks as it pursues you! The goblin hits you with a +3 dagger.
* * * LOW HITPOINT WARNING * * *
There is a stone staircase leading up here.
The goblin no longer looks unusually strong.
The goblin hits you with a +3 dagger!
You die...

############
........@..#
........g..#
........g..#
##+#####g..# #
##.##g..####+ #.
#....g....... #.g
#....g....... #.g.
#............
#....#............


You could see 2 hobgoblins and 4 goblins.

Vanquished Creatures
  2 adders
  A ribbon worm (D:2)
  An orc (D:3)
  6 ball pythons
  8 endoplasms
  12 goblins
  8 hobgoblins
  6 jackals
  2 quokkas (D:3)
  3 bats
  2 frilled lizards (D:3)
  5 kobolds
  2 rats (D:1)
58 creatures vanquished.

Notes
Turn   | Place    | Note
-------+----------+-------------------------------------------
     0 | D:1      | FallenXxXSky the Human Wanderer began the quest for the
                  | Orb.
     0 | D:1      | FallenXxXSky set off with the following items: a +0 club, a
                  | potion of curing, a scroll of teleportation, a +0 chain
                  | mail; and the following spell memorised: Summon Small
                  | Mammal; and the following spells available to memorise:
                  | Call Canine Familiar.
     0 | D:1      | Reached XP level 1. HP: 16/16 MP: 2/2
   136 | D:1      | Reached skill level 1 in Maces & Flails
   307 | D:1      | Reached XP level 2. HP: 22/22 MP: 3/3
   579 | D:1      | Found a faded altar of an unknown god.
   894 | D:2      | Reached XP level 3. HP: 25/27 MP: 4/4
  1408 | D:3      | Reached XP level 4. HP: 30/33 MP: 5/5
  2192 | D:4      | Noticed Ijyb
  2749 | D:4      | Noticed Edmund
  2974 | D:4      | Noticed Robin
  2989 | D:4      | Slain by a goblin

Illustrated notes

Levels and vault maps discovered:
D:1:      wander_arrival_desolate, layout_loops_ring,
          shapermc_ecumenical_altar_mp_vishouse, kennysheep_boxes
D:2:      minmay_general_purpose_star, layout_basic
D:3:      layout_loops_ring
D:4:      layout_gridville, trog_butcher_becter, kennysheep_mini,
          old_standard_altar, uniq_ijyb, uniq_robin, uniq_edmund

Skill      XL: |  1  2  3  4 |
---------------+-------------+-----
Maces & Flails | 1 2 3 4 |  4.0
Fighting       | |  2.0
Armour         | |  5.0
Spellcasting   | |  1.0
Summonings     | |  1.0
Evocations     | |  1.0

Action                     |  1- 3 |  4- 6 || total
---------------------------+-------+-------++-------
  Melee: Club              |   175 |    63 ||   238
         Punch             |     3 |       ||     3
         Morningstar       |       |    38 ||    38
    Use: Potion            |     1 |     1 ||     2
         Scroll            |       |     2 ||     2
 Armour: Chain mail        |   154 |   111 ||   265
  Dodge: Dodged            |    84 |    43 ||   127
